 Dungeon Crawl Stone Soup version 0.21-a0-417-g0adc95b (webtiles) character file.

64710 tof the Fencer (level 14, -13/127 HPs)
             Began as a Minotaur Monk on Nov 3, 2017.
             Was the Champion of Okawaru.
             Shot with an arrow by a centaur warrior (22 damage)
             ... on level 15 of the Dungeon.
             The game lasted 01:09:13 (18845 turns).

tof the Fencer (Minotaur Monk)                     Turns: 18845, Time: 01:09:13

Health: -13/127    AC: 28    Str: 17 (19) XL:     14   Next: 72%
Magic:  0/20       EV: 21    Int:  6 (9)  God:    Okawaru [******]
Gold:   1160       SH:  0    Dex: 24 (27) Spells: 13/13 levels left

rFire    + + .     SeeInvis .   a - +9 long sword of Patience {flame, +Fly rF++ rC+ Int-2}
rCold    + + +     Gourm    .   (no shield)
rNeg     + . .     Faith    .   D - +2 shadow dragon scales
rPois    +         Spirit   +   V - +1 hat {MR+}
rElec    +         Reflect  .   B - scarf {Spirit}
rCorr    +         Harm     .   P - +2 pair of gloves of Wuxy {rF- rC+ Regen+ Int+4}
MR       ++...                  A - +0 pair of boots
Stlth    ++++......             I - amulet of regeneration
HPRegen  1.11/turn              X - ring of Ymnoum {+Inv +Fly MR- Dex+8}
MPRegen  0.17/turn              W - ring of positive energy

@: silence, resistant, heroism
A: retaliatory headbutt, horns 2, talons 1, slimy green scales 1, thin skeletal
structure 1, agile 1, blurry vision 1, magic resistance 1, sturdy frame 1
a: Renounce Religion, Evoke Invisibility, Evoke Flight


You were on level 15 of the Dungeon.
You worshipped Okawaru.
Okawaru was exalted by your worship.
You were not hungry.

You visited 2 branches of the dungeon, and saw 19 of its levels.
You also visited: Ossuary, Ice Cave and Volcano.

You collected 1160 gold pieces.

Inventory:

Hand Weapons
 a - the +9 long sword of Patience (weapon) {flame, +Fly rF++ rC+ Int-2}
   (You found it on level 5 of the Dungeon)

   It has been specially enchanted to burn those struck by it, causing extra
   injury to most foes and up to half again as much damage against particularly
   susceptible opponents.
   Big, fiery blades are also staple armaments of hydra-hunters.
   It affects your intelligence (-2).
   It greatly protects you from fire.
   It protects you from cold.
   It lets you fly.
 b - a +4 blowgun
Missiles
 p - 7 curare-tipped needles
 q - 40 poisoned needles
 L - 4 silver javelins
 M - 17 needles of confusion
 O - 6 poisoned javelins (quivered)
 U - 6 steel javelins
 Z - 8 javelins of penetration
Armour
 A - a +0 pair of boots (worn)
 B - a scarf of spirit shield (worn)
 D - +2 shadow dragon scales (worn)
 P - the +2 pair of gloves of Wuxy (worn) {rF- rC+ Regen+ Int+4}
   (You found it in a volcano)

   It affects your intelligence (+4).
   It makes you vulnerable to fire.
   It protects you from cold.
   It increases your rate of regeneration.
 V - a +1 hat of magic resistance (worn)
Jewellery
 r - an uncursed ring of poison resistance
 z - an uncursed ring of wizardry
 I - an amulet of regeneration (around neck)
 W - a ring of positive energy (right hand)
 X - the ring of Ymnoum (left hand) {+Inv +Fly MR- Dex+8}
   (You found it on level 8 of the Dungeon)

   [ring of flight]

   It affects your dexterity (+8).
   It affects your resistance to hostile enchantments.
   It lets you turn invisible.
   It lets you fly.
Wands
 Y - a wand of digging (9/24)
Scrolls
 j - a scroll of random uselessness {unknown}
 l - a scroll of fog
 s - 9 scrolls of remove curse
 w - 3 scrolls of fear
 y - 4 scrolls of blinking {unknown}
 F - a scroll of summoning {unknown}
 G - 5 scrolls of teleportation
Potions
 d - 2 potions of ambrosia {unknown}
 e - 6 potions of curing
 f - 3 potions of flight {unknown}
 i - 5 potions of degeneration
 o - 3 potions of brilliance {unknown}
 u - 6 potions of agility {unknown}
 v - 8 potions of haste {unknown}
 x - 3 potions of heal wounds {unknown}
 E - 5 potions of cancellation {unknown}
 H - 4 potions of mutation {unknown}
 J - 2 potions of lignification {unknown}
 N - 7 potions of might {unknown}
 R - a potion of experience {unknown}
Miscellaneous
 n - a fan of gales (inert)
 Q - a sack of spiders
 T - a lightning rod (4/4)
Comestibles
 c - 12 bread rations
 g - 12 meat rations
 h - 20 royal jellies
 k - 22 fruits
 m - 8 chunks of flesh


   Skills:
 + Level 12.4(17.4) Fighting
 + Level 15.8(20.8) Long Blades
 + Level 10.2(15.2) Throwing
 * Level 12.9(17.9) Armour
 + Level 11.6(16.6) Dodging
 - Level 1.5(6.5) Stealth
 * Level 9.7 Invocations


You had 13 spell levels left.
You didn't know any spells.

Dungeon Overview and Level Annotations

Branches:
Dungeon (12/15)            Temple (0/1) D:7            Lair (6/6) D:9
  Swamp (0/4) Lair:3       Spider (0/4) Lair:3        Slime (0/5) Lair:5
 Depths (0/5) D:15
    Orc: D:9-12

Altars:
Ashenzari
Cheibriados
Fedhas
Okawaru
Qazlal
Ru
Uskayaw
Vehumet
Wu Jian
Yredelemnul
Zin
The Shining One

Shops:
D:6 =

Annotations:
Lair:2 exclusion: oklob plant


Innate Abilities, Weirdness & Mutations

You reflexively headbutt those who attack you in melee.
You have a pair of horns on your head.
You have sharp toenails.
You are partially covered in slimy green scales. (AC +2)
You have a somewhat thin skeletal structure. (Dex +2, Stealth)
You are agile. (Dex +2)
Scrolls take you a little longer to read.
You are resistant to hostile enchantments. (MR+)
Your movements are slightly less encumbered by armour. (ER -2)


Message History

The centaur warrior is heavily wounded.
The centaur warrior barely misses you.
You riposte.
You closely miss the centaur warrior. You headbutt the centaur warrior.
The centaur warrior is severely wounded.
Evoke which item? (* to show all) (? for menu, Esc to quit)
A fierce wind blows from the fan.
The wraith is blown away by the wind.
The centaur warrior unwields an uncursed longbow.
The centaur warrior barely misses you. The centaur warrior misses you.
The rakshasa blinks!
The centaur warrior barely misses you. You furiously retaliate!
You headbutt the centaur warrior. The centaur warrior hits you.
* * * LOW HITPOINT WARNING * * *
The centaur warrior hits you but does no damage.
Evoke which item? (* to show all) (? for menu, Esc to quit)
Okay, then.
The centaur warrior wields an uncursed longbow.
The centaur warrior shoots an arrow.
The arrow hits you but does no damage.
The centaur warrior wields an uncursed longbow.
The centaur warrior shoots an arrow.
The arrow hits you!!
You die...

##..)..##.............
#...............##.....
##########..#...#..#..†..## #####
................##.#.....#
......./...##..###.#.....#
......[....##..# #...#...#
...........##..# #..##...#
......###.(.(.c###.......#
.............cc.@..#...#..###
..............c##...#...#...#####
.............(..........###.#....
.............RR.#####............
######.....R..W.# #....##yy....
#.......(..# #..#.##......
#..........# ##.##. #......
#..........####(.##......#..
#.............c§...........#


You could see a rakshasa and 4 centaur warriors.

Vanquished Creatures
  The ghost of Yermak the Thaumaturge, a journeyman GnSk of Uskayaw (IceCv)
  Erolcha (D:10)
  A yaktaur captain (D:15)
  7 hydras
  A merfolk avatar (Lair:6)
  The ghost of Slowdrip the Cleaver, a novice HOAr (D:11)
  A centaur warrior (D:15)
  A death yak (D:11)
  3 two-headed ogres
  A hell knight (Volcano)
  A salamander mystic (Volcano)
  Sonja (Lair:4)
  3 skeletal warriors (D:12)
  4 unseen horrors
  A sea snake (Lair:6)
  Pikel (D:8)
  2 deep elf magi (D:15)
  A lindwurm (Lair:4)
  3 ugly things
  5 salamanders (Volcano)
  A manticore (Lair:6)
  3 ice statues (IceCv)
  A black mamba (Lair:6)
  An elephant (Lair:6)
  A gargoyle (D:10)
  13 spiny frogs
  A yaktaur (D:15)
  7 rime drakes
  A kobold demonologist (D:11)
  9 komodo dragons
  A queen bee (Lair:3)
  5 trolls
  14 polar bears
  5 hornets
  3 meliai (D:15)
  2 wind drakes (Lair:6)
  13 dream sheep
  13 blink frogs
  6 hippogriffs
  4 redbacks (Lair:3)
  Sigmund (D:6)
  29 yaks
  A spriggan (D:10)
  5 fire bats (Volcano)
  A wraith (D:15)
  3 wyverns
  A yak (shapeshifter) (D:15)
  A basilisk (Lair:6)
  A hungry ghost (D:15)
  A hog (D:11)
  5 vampire mosquitoes (D:15)
  A soldier ant (D:7)
  An acid dragon (D:12)
  Duvessa (D:7)
  12 water moccasins
  4 porcupines
  10 ice beasts
  3 orc warriors
  5 phantoms
  3 slaves (D:8)
  10 black bears
  6 ogres
  3 sky beasts
  14 wolves
  11 centaurs
  5 crocodiles
  11 bullfrogs
  4 big kobolds
  Dowan (D:7)
  A wyvern zombie (Ossuary)
  A scorpion (D:8)
  24 killer bees (Lair:3)
  5 howler monkeys
  4 electric eels (Lair:6)
  4 centaur zombies
  6 lava snakes (Volcano)
  4 crimson imps
  2 bullfrog zombies
  2 quasits
  A gnoll shaman (D:6)
  A bullfrog skeleton (D:7)
  3 orc priests
  3 centaur skeletons
  10 hounds
  3 iguanas
  2 orc wizards
  9 worker ants
  2 hound zombies
  A hound skeleton (D:6)
  14 mummies (Ossuary)
  2 howler monkey zombies
  A worker ant zombie (Ossuary)
  10 gnolls
  12 adders
  5 shadow imps
  An adder skeleton (D:7)
  2 adder zombies
  8 worms
  3 dart slugs
  5 leopard geckos
  32 orcs
  A ball python (D:6)
  6 giant cockroaches
  8 goblins
  5 hobgoblins
  21 jackals
  3 quokkas
  8 bats
  7 frilled lizards
  A giant cockroach zombie (Ossuary)
  A jackal skeleton (D:6)
  2 jackal zombies
  20 kobolds
  2 leopard gecko zombies
  2 quokka zombies (Ossuary)
  7 rats
575 creatures vanquished.

Vanquished Creatures (others)
  5 fungi
  4 plants
  A withered plant (Ossuary)
10 creatures vanquished.

Grand Total: 585 creatures vanquished

Notes
Turn   | Place    | Note
-------+----------+-------------------------------------------
     0 | D:1      | tof the Minotaur Monk began the quest for the Orb.
     0 | D:1      | Reached XP level 1. HP: 19/19 MP: 0/0
   256 | D:1      | Reached XP level 2. HP: 18/27 MP: 1/1
   366 | D:1      | Reached skill level 4 in Long Blades
   731 | D:2      | Reached skill level 1 in Armour
   731 | D:2      | Reached XP level 3. HP: 31/33 MP: 2/2
   801 | D:2      | Reached skill level 1 in Throwing
   905 | D:2      | Noticed an ogre
  1966 | D:3      | Reached XP level 4. HP: 39/40 MP: 3/3
  2829 | D:3      | Found an iron altar of Okawaru.
  2830 | D:3      | Found a basalt altar of Yredelemnul.
  2836 | D:3      | Became a worshipper of Warmaster Okawaru
  2836 | D:3      | Reached * piety under Okawaru
  2836 | D:3      | Reached ** piety under Okawaru
  2866 | D:4      | Reached skill level 5 in Long Blades
  2868 | D:4      | Reached XP level 5. HP: 46/46 MP: 4/4
  2978 | D:4      | Noticed an ogre
  2985 | D:4      | Killed an ogre
  3010 | D:4      | Killed an ogre
  3010 | D:4      | Reached XP level 6. HP: 30/53 MP: 5/5
  3208 | D:4      | Reached skill level 6 in Long Blades
  3268 | D:4      | Found a sand-covered staircase.
  3302 | Ossuary  | Entered an ossuary
  3345 | Ossuary  | Reached skill level 5 in Fighting
  3377 | Ossuary  | Reached XP level 7. HP: 61/61 MP: 6/6
  3587 | Ossuary  | Reached *** piety under Okawaru
  3714 | Ossuary  | Reached skill level 5 in Dodging
  4018 | Ossuary  | Reached skill level 7 in Long Blades
  4579 | D:5      | Entered Level 5 of the Dungeon
  4654 | D:5      | Received a gift from Okawaru
  4654 | D:5      | Reached XP level 8. HP: 69/70 MP: 7/7
  4868 | D:5      | Found a blossoming altar of Fedhas.
  5057 | D:5      | Got an ichor-stained long sword
  5058 | D:5      | Identified the +9 long sword of Patience {flame, +Fly rF++ rC+ Int-2} (You found it on level 5 of the Dungeon)
  5226 | D:6      | Noticed Sigmund
  5267 | D:6      | Killed Sigmund
  5267 | D:6      | Reached skill level 8 in Long Blades
  5515 | D:6      | Found a sacrificial altar of Ru.
  5628 | D:6      | Found Kourant's Jewellery Shop.
  5821 | D:6      | Found a sacrificial altar of Ru.
  5859 | D:6      | Received a gift from Okawaru
  5886 | D:6      | Found a shattered altar of Ashenzari.
  6159 | D:6      | Reached skill level 5 in Armour
  6168 | D:7      | Noticed Duvessa
  6185 | D:7      | Noticed Dowan
  6212 | D:7      | Killed Duvessa
  6221 | D:7      | Killed Dowan
  6499 | D:7      | Reached **** piety under Okawaru
  6499 | D:7      | Reached skill level 9 in Long Blades
  6499 | D:7      | Reached XP level 9. HP: 64/78 MP: 8/8
  6550 | D:7      | Gained mutation: Scrolls take you a little longer to read. [mutagenic meat]
  6566 | D:7      | Found a stormy altar of Qazlal.
  6604 | D:7      | Found a radiant altar of Vehumet.
  6667 | D:7      | Found a staircase to the Ecumenical Temple.
  6754 | D:8      | Gained mutation: You have sharp toenails. [mutagenic meat]
  6755 | D:8      | Gained mutation: Your movements are slightly less encumbered by armour. (ER -2) [mutagenic meat]
  6756 | D:8      | Gained mutation: You are resistant to hostile enchantments. (MR+) [mutagenic meat]
  6757 | D:8      | Gained mutation: You are partially covered in slimy green scales. (AC +2) [mutagenic meat]
  6758 | D:8      | Gained mutation: You evolve. [mutagenic meat]
  6760 | D:8      | Got a vibrating steel ring
  6762 | D:8      | Identified the ring of Ymnoum {+Inv +Fly MR- Dex+8} (You found it on level 8 of the Dungeon)
  7019 | D:8      | Noticed a two-headed ogre
  7021 | D:8      | Reached skill level 5 in Throwing
  7022 | D:8      | Noticed Pikel
  7024 | D:8      | Killed a two-headed ogre
  7024 | D:8      | Received a gift from Okawaru
  7024 | D:8      | Reached skill level 10 in Long Blades
  7043 | D:8      | Killed Pikel
  7043 | D:8      | Reached ***** piety under Okawaru
  7286 | D:8      | Found a snail-covered altar of Cheibriados.
  7287 | D:8      | Found a glowing golden altar of the Shining One.
  7440 | D:9      | Reached XP level 10. HP: 88/88 MP: 9/9
  7667 | D:9      | Killed an unseen horror
  7738 | D:9      | Found a staircase to the Lair.
  7792 | D:9      | Reached skill level 11 in Long Blades
  7929 | D:9      | Received a gift from Okawaru
  8061 | D:9      | Gained mutation: You are agile. (Dex +2) [evolution]
  8236 | D:9      | Found an ornate altar of the Wu Jian Council.
  8660 | D:10     | Entered Level 10 of the Dungeon
  8800 | D:10     | Reached skill level 1 in Invocations
  8859 | D:10     | Noticed a gargoyle
  8863 | D:10     | Killed a gargoyle
  8968 | D:10     | Found a glowing silver altar of Zin.
  9017 | D:10     | Killed an unseen horror
  9189 | D:10     | Noticed Erolcha
  9242 | D:10     | Reached XP level 11. HP: 79/95 MP: 12/12
  9245 | D:10     | Killed Erolcha
  9245 | D:10     | Reached skill level 12 in Long Blades
  9298 | D:10     | Killed an unseen horror
  9298 | D:10     | Reached ****** piety under Okawaru
  9298 | D:10     | Received a gift from Okawaru
  9344 | D:10     | Gained mutation: You have a somewhat thin skeletal structure. (Dex +2, Stealth) [evolution]
  9525 | D:10     | Received a gift from Okawaru
  9752 | D:11     | Found a huge runed gate.
  9753 | D:11     | Noticed a death yak
  9753 | D:11     | Found a huge runed gate.
  9754 | D:11     | Found a huge runed gate.
  9755 | D:11     | Found a huge runed gate.
  9755 | D:11     | Noticed Slowdrip's ghost (novice HOAr)
  9849 | D:11     | Noticed a five-headed hydra
  9860 | D:11     | Killed a one-headed hydra
  9899 | D:11     | Killed an unseen horror
 10184 | D:11     | Received a gift from Okawaru
 10516 | Lair:1   | Entered Level 1 of the Lair of Beasts
 10559 | Lair:1   | Reached skill level 13 in Long Blades
 10603 | Lair:1   | Received a gift from Okawaru
 10609 | Lair:1   | Found a dark tunnel.
 10616 | Volcano  | Entered a volcano
 10647 | Volcano  | Received a gift from Okawaru
 10805 | Volcano  | Received a gift from Okawaru
 10812 | Volcano  | Reached skill level 10 in Fighting
 10812 | Volcano  | Reached XP level 12. HP: 77/106 MP: 14/14
 10964 | Volcano  | Received a gift from Okawaru
 10964 | Volcano  | Reached skill level 5 in Invocations
 11061 | Volcano  | Found a radiant altar of Vehumet.
 11093 | Volcano  | Got a pair of steaming gloves
 11104 | Volcano  | Identified the +2 pair of gloves of Wuxy {rF- rC+ Regen+ Int+4} (You found it in a volcano)
 11118 | Volcano  | Found a radiant altar of Vehumet.
 11273 | Lair:1   | Noticed an eight-headed hydra
 11279 | Lair:1   | Killed a five-headed hydra
 11296 | Lair:1   | Found an ornate altar of the Wu Jian Council.
 12232 | Lair:2   | Reached skill level 14 in Long Blades
 12262 | Lair:2   | Noticed a four-headed hydra
 12269 | Lair:2   | Killed a two-headed hydra
 12269 | Lair:2   | Reached skill level 10 in Dodging
 12719 | Lair:3   | Noticed an eight-headed hydra
 12739 | Lair:3   | Reached skill level 10 in Armour
 12750 | Lair:3   | Killed a four-headed hydra
 12771 | Lair:3   | Received a gift from Okawaru
 12913 | Lair:3   | Found a frozen archway.
 12920 | Lair:3   | Received a gift from Okawaru
 12920 | Lair:3   | Reached XP level 13. HP: 106/116 MP: 16/16
 12933 | IceCv    | Entered an ice cave
 12970 | IceCv    | Noticed Yermak's ghost (journeyman GnSk)
 13013 | IceCv    | Killed Yermak's ghost
 13185 | IceCv    | Got a pitted mace
 13327 | Lair:3   | Found a staircase to the Swamp.
 13354 | Lair:3   | Found a hole to the Spider Nest.
 13456 | Lair:3   | Received a gift from Okawaru
 13456 | Lair:3   | Reached skill level 15 in Long Blades
 13867 | Lair:4   | Received a gift from Okawaru
 13868 | Lair:4   | Got a fine lajatang {god gift}
 14207 | Lair:4   | Found a hide-covered altar of Uskayaw.
 14388 | Lair:4   | Noticed Sonja
 14392 | Lair:4   | Killed Sonja
 15080 | Lair:5   | Found a staircase to the Slime Pits.
 15768 | Lair:6   | Entered Level 6 of the Lair of Beasts
 15837 | Lair:6   | Received a gift from Okawaru
 16168 | Lair:6   | Received a gift from Okawaru
 16177 | Lair:6   | Reached XP level 14. HP: 100/125 MP: 15/19
 16657 | Lair:6   | Paralysed by a hornet for 2 turns
 17199 | D:11     | Killed Slowdrip's ghost
 17972 | D:12     | Lost mutation: You evolve. [evolution]
 18082 | D:12     | Reached skill level 10 in Throwing
 18423 | D:12     | You fall through a shaft for 3 floors!
 18423 | D:15     | Entered Level 15 of the Dungeon
 18445 | D:15     | Found a staircase to the Depths.
 18611 | D:15     | Received a gift from Okawaru
 18837 | D:15     | HP: 6/127 [centaur warrior (illusionary) (9)]
 18845 | D:15     | Shot with an arrow by a centaur warrior

Vault maps used:
D:1:      dpeg_arrival_concentric_ovals
D:2:      first_bread
D:3:      gammafunk_temple_overflow_pools, hex_tiny, st_stairs_7
D:4:      nicolae_ossuary_entry_plus, minivault_19
D:5:      fedhas_altar_fruit_tree
D:6:      lemuel_coloured_pillars_altar, basic_altar, serial_shops, shop_statue,
          minmay_misc_feat_pillars, lemuel_statue_altar, uniq_sigmund
D:7:      kennysheep_little_box, marbit_many_paths,
          minmay_temple_entry_poolview, uniq_duvessa
D:8:      nicolae_overflow_hidden_temple, uniq_pikel
D:9:      nicolae_overflow_crystal_walls, dpeg_oklobed_lair
D:10:     serial_glass, glass_columns_a, glass_columns_a, the_bakery,
          minmay_ruined_shrine, uniq_erolcha
D:11:     lemuel_bear_cage
D:12:     erik_orc_1
D:15:     grunt_enter_depths_snipers, basic_altar, uniq_roxanne
Lair:1:   nicolae_volcano_entry_hallway, basic_altar
Lair:2:   minivault_25, nicolae_lair_grove_arrangements,
          minmay_lair_oklob_chamber
Lair:3:   beast_lair_carwin_large_4, swamp_mist, spider_nest_entry_webs,
          portal_ice_cave_rime, special_room
Lair:4:   basic_altar, serial_bayou_shore_b, grunt_megastairs_5, uniq_sonja
Lair:5:   dpeg_slime_entry_corner
Lair:6:   gammafunk_lair_ancient_temple, serial_bayou_shore_a,
          lemuel_fruit_fields, infiniplex_staircase_pool
Ossuary:  ossuary_zaba_flooded
IceCv:    ice_cave_statue_garden_chambered
Volcano:  volcano_grotto

Skill      XL: |  1  2  3  4  5  6  7  8  9 10 11 12 13 14 |
---------------+-------------------------------------------+-----
Long Blades    | 4 5 6 7 9 10 11 13 14 15 | 15.8
Armour         | 1 2 3 4 5 6 7 9 10 11 12 | 12.9
Throwing       | 1 2 3 4 5 6 7 8 9 10 | 10.2
Fighting       | 4 5 6 7 8 10 11 12 | 12.4
Dodging        | 4 5 6 7 8 9 10 11 | 11.6
Invocations    | 2 4 6 8 9 |  9.7
Stealth        | |  1.5

Action                   |  1- 3 |  4- 6 |  7- 9 | 10-12 | 13-15 || total
-------------------------+-------+-------+-------+-------+-------++-------
Melee: Falchion          |    89 |   113 |   183 |       |       ||   385
       Headbutt          |    18 |    28 |    71 |   156 |   257 ||   530
       Long sword        |       |       |   138 |   407 |   604 ||  1149
 Fire: Blowgun           |       |       |       |       |     7 ||     7
Throw: Javelin           |       |       |     3 |    83 |    58 ||   144
Invok: Heroism           |       |     1 |       |     1 |     2 ||     4
Evoke: Fan of gales      |       |       |       |       |     1 ||     1
  Use: Scroll            |       |       |       |    12 |    13 ||    25
       Potion            |       |       |       |       |     4 ||     4
 Stab: Sleeping          |     2 |     1 |       |       |     6 ||     9
       Distracted        |     1 |       |       |       |     1 ||     2
       Held in net/web   |       |       |       |       |     2 ||     2
  Eat: Chunk             |     3 |     5 |    15 |     9 |    15 ||    47
       Bread ration      |       |       |     1 |     2 |     1 ||     4
Armor: Robe              |     8 |       |       |       |       ||     8
       Leather armour    |    14 |    25 |    24 |       |       ||    63
       Chain mail        |       |       |   112 |    21 |       ||   133
       Plate armour      |       |       |       |   235 |   139 ||   374
       Shadow dragon sca |       |       |       |       |   200 ||   200
Dodge: Dodged            |    80 |    76 |   152 |   284 |   525 ||  1117
       Rpst.: Falchion   |    23 |    20 |    20 |       |       ||    63
       Long sword        |       |       |    13 |    63 |   124 ||   200

Table legend:
 A = Spawn XP
 B = Non-spawn XP
 C = Spawn XP percentage of total XP
 D = Spawn monster count
 E = Non-spawn monster count
 F = Spawn count percentage of total count
 G = Total turns spent on level
                    A         B        C        D         E        F      G
               +---------+---------+-------+---------+---------+-------+---------
         Total |       0 |   92444 |   0.0 |       0 |     572 |   0.0 | 18845
               +---------+---------+-------+---------+---------+-------+---------
           D:1 |       0 |      35 |   0.0 |       0 |      24 |   0.0 |   933
           D:2 |       0 |      54 |   0.0 |       0 |      17 |   0.0 |   949
           D:3 |       0 |      92 |   0.0 |       0 |      28 |   0.0 |   975
           D:4 |       0 |     510 |   0.0 |       0 |      21 |   0.0 |   838
           D:5 |       0 |     249 |   0.0 |       0 |      17 |   0.0 |   587
           D:6 |       0 |     793 |   0.0 |       0 |      26 |   0.0 |  1029
           D:7 |       0 |     715 |   0.0 |       0 |      11 |   0.0 |   514
           D:8 |       0 |    2399 |   0.0 |       0 |      12 |   0.0 |   660
           D:9 |       0 |    2065 |   0.0 |       0 |      25 |   0.0 |  1384
          D:10 |       0 |    6644 |   0.0 |       0 |      46 |   0.0 |  1095
          D:11 |       0 |    9344 |   0.0 |       0 |      53 |   0.0 |  1435
          D:12 |       0 |    5418 |   0.0 |       0 |      26 |   0.0 |   632
          D:15 |       0 |    9275 |   0.0 |       0 |      25 |   0.0 |   422
        Lair:1 |       0 |    4674 |   0.0 |       0 |      17 |   0.0 |   883
        Lair:2 |       0 |    3033 |   0.0 |       0 |      14 |   0.0 |   772
        Lair:3 |       0 |   13456 |   0.0 |       0 |      75 |   0.0 |   879
        Lair:4 |       0 |    7762 |   0.0 |       0 |      28 |   0.0 |   971
        Lair:5 |       0 |    2196 |   0.0 |       0 |       9 |   0.0 |   989
        Lair:6 |       0 |   13477 |   0.0 |       0 |      41 |   0.0 |  1153
       Ossuary |       0 |     596 |   0.0 |       0 |      27 |   0.0 |   884
         IceCv |       0 |    4176 |   0.0 |       0 |      12 |   0.0 |   291
       Volcano |       0 |    5481 |   0.0 |       0 |      18 |   0.0 |   570
               +---------+---------+-------+---------+---------+-------+---------
